 Dungeon Crawl Stone Soup version 0.30-a0-743-gbfdf073431 (console) character file.

Game seed: 4935549373893702712

130 Ignak the Sneak (level 5, -4/33 HPs)
             Began as an Octopode Hedge Wizard on Feb 6, 2023.
             Slain by Grinder (9 damage)
             ... on level 3 of the Dungeon.
             The game lasted 00:05:27 (2572 turns).

Ignak the Sneak (Octopode Hedge Wizard)             Turns: 2572, Time: 00:05:28

Health: -4/33      AC:  1    Str:  9    XL:     5   Next: 13%
Magic:  6/9        EV: 13    Int: 18    God:
Gold:   4          SH:  0    Dex: 12    Spells: 2/10 levels left

rFire   . . .      SeeInvis .    e - +1 whip (flame)
rCold   . . .      Faith    .    (no shield)
rNeg    . . .      Spirit   .    b - +0 hat
rPois   .          Reflect  .    (no amulet)
rElec   .          Harm     .    (no ring)
rCorr   .          Rampage  .    (no ring)
Will    .....                    (no ring)
Stlth   +++                      (no ring)
HPRegen 0.25/turn                (no ring)
MPRegen 0.11/turn                (no ring)
                                 (no ring)
                                 (no ring)

@: no status effects
A: almost no armour, amphibious, 8 rings, camouflage 1, gelatinous body 1,
(nimble swimmer 1), tentacles
a: no special abilities


You were on level 3 of the Dungeon.
You visited 1 branch of the dungeon, and saw 3 of its levels.

You collected 118 gold pieces.
You spent 114 gold pieces at shops.

Inventory:

Hand Weapons
 a - a +0 dagger
 e - a +1 whip of flaming (weapon)
Missiles
 h - 7 poisoned darts (quivered)
Armour
 b - a +0 hat (worn)
Wands
 o - a wand of flame (8)
Scrolls
 d - a scroll of teleportation
 f - a scroll of fog
 g - a scroll of summoning
 j - a scroll of blinking
 k - 3 scrolls of amnesia
 q - a scroll of magic mapping
Potions
 c - a potion of magic
 i - a potion of flight {unknown}
 l - 3 potions of attraction {unknown}
 m - a potion of cancellation {unknown}
 n - a potion of brilliance {unknown}
 p - a potion of heal wounds {unknown}


   Skills:
 + Level 1.1 Fighting
 + Level 1.0 Short Blades
 + Level 2.4 Dodging
 + Level 3.4 Stealth
 - Level 1.0 Unarmed Combat
 + Level 3.2 Spellcasting
 + Level 1.7 Conjurations
 * Level 2.2 Summonings
 + Level 1.6 Translocations
 + Level 0.1 Air Magic
 + Level 0.2 Poison Magic


You had 2 spell levels left.
You knew the following spells:

 Your Spells              Type           Power      Damage    Failure   Level
a - Magic Dart            Conj           36%        1d4       8%          1
b - Blink                 Tloc           18%        N/A       12%         2
d - Mephitic Cloud        Conj/Pois/Air  5%         N/A       34%         3
e - Call Imp              Summ           10%        N/A       10%         2

Your spell library contained the following spells:

 Spells                   Type           Power      Damage    Failure   Level
 Slow                     Hex            8%         N/A       16%         1
 Cigotuvi's Dreadful Rot  Necr/Pois/Air  6%         N/A       22%         2
 Scorch                   Fire           4%         2d5       24%         2
 Flame Wave               Conj/Fire      6%         2d5       73%         4
 Summon Cactus Giant      Summ           5%         N/A       100%        6


Dungeon Overview and Level Annotations

Branches:
Dungeon (3/15)

Altars:
Ashenzari

Shops:
D:1 ?   D:3 [

Annotations:
D:3 Grinder


Innate Abilities, Weirdness & Mutations

You cannot wear most types of armour.
You are amphibious.
You can wear up to eight rings at the same time.
Your skin changes colour to match your surroundings (Stealth+).
Your rubbery body absorbs attacks. (AC +1, EV +1)
((You are camouflaged when in or above water. (Stealth+)))
You have tentacles for arms and can constrict up to eight enemies at once.


Message History

Aim: Grinder (64% to hit)
Okay, then.
Unknown command.
Casting: Call Imp (safe; 10% risk of failure)
Confirm with . or Enter, or press ? or * to list all spells.
A beastly little devil appears in a puff of flame.
Throw: 8 darts (poison)
Press: ? - help, Q - select action, (/) - cycle Shift-Dir - straight line, f - Grinder
Aim: Grinder (52% to hit)
You throw a poisoned dart.
The poisoned dart closely misses Grinder.
Grinder blinks!
Your crimson imp blinks!
Casting: Call Imp (safe; 10% risk of failure)
Confirm with . or Enter, or press ? or * to list all spells.
A beastly little devil appears in a puff of flame.
Your crimson imp disappears in a puff of smoke!
An adder comes into view.
Your crimson imp blinks!
You closely miss Grinder. You grab Grinder. You constrict Grinder.
Grinder barely misses you. Grinder hits you.
You hit Grinder but do no damage. You squeeze Grinder.
Grinder is lightly wounded.
You constrict Grinder.
Grinder says, "Wait up."
Grinder hits you.
You writhe in agony.
You hit Grinder but do no damage. You squeeze Grinder!
Grinder is heavily wounded.
You constrict Grinder. Grinder closely misses you.
You barely miss Grinder.
Grinder is heavily wounded.
You constrict Grinder. Grinder hits you.
You hit Grinder. You burn Grinder.
Grinder is severely wounded.
You constrict Grinder. Grinder hits you.
You writhe in agony.
* * * LOW HITPOINT WARNING * * *
You hit Grinder but do no damage.
Grinder is severely wounded.
You constrict Grinder. Grinder hits you!
You die...

......##..#.#
##.∩.#........#...#
......###.#.##
#..........)##...#
#######
#....###.#..#....#.....#.
##....##.........#.......
#.##..##........###....#
#.###.......##..###.....
#.# ##......##..........
#.# ##..5#..###...###...
#.# #..@....#....###....
#.# #.##5#....#.####....
#.. #.##.##.............
#.#.(....##........##...
###...................
..#).#... ..........
.###.# #. #####..... .S
.. #........ .. ..
...#..#...


You could see Grinder (ally target) and a friendly crimson imp (summoned).

Vanquished Creatures
  Natasha (D:2)
  2 adders
  A worm (D:2)
  3 dart slugs (D:2)
  4 orcs (D:3)
  6 ball pythons
  6 endoplasms
  4 goblins (D:1)
  6 hobgoblins
  3 jackals (D:1)
  5 kobolds
  2 quokkas
  12 bats
  6 frilled lizards
  3 rats (D:1)
64 creatures vanquished.

Vanquished Creatures (collateral kills)
  An orc (D:3)
  A giant cockroach (D:3)
  A hobgoblin (D:1)
  A bat (D:2)
4 creatures vanquished.

Grand Total: 68 creatures vanquished

Notes
Turn   | Place    | Note
-------+----------+-------------------------------------------
     0 | D:1      | Ignak the Octopode Hedge Wizard began the quest for the
                  | Orb.
     0 | D:1      | Reached XP level 1. HP: 11/11 MP: 4/4
    54 | D:1      | Reached XP level 2. HP: 12/17 MP: 6/6
    59 | D:1      | Learned a level 2 spell: Blink
    62 | D:1      | Learned a level 2 spell: Call Imp
   460 | D:1      | Reached XP level 3. HP: 21/22 MP: 4/7
   642 | D:1      | Found The Oracle's Delphic Readings.
   648 | D:1      | Bought a scroll of identify for 24 gold pieces
   724 | D:1      | Found a faded altar of an unknown god.
  1151 | D:2      | Noticed Natasha
  1155 | D:2      | Killed Natasha
  1156 | D:2      | Reached skill level 1 in Fighting
  1156 | D:2      | Reached XP level 4. HP: 28/28 MP: 8/8
  1352 | D:2      | Learned a level 3 spell: Mephitic Cloud
  1936 | D:3      | Found Zut Fogyd's Antique Armour Boutique.
  1985 | D:3      | HP: 1/28 [orc/+0 falchion (7)]
  1987 | D:3      | Reached XP level 5. HP: 2/33 MP: 5/9
  2116 | D:3      | Reached skill level 1 in Short Blades
  2219 | D:3      | Found a broken altar of Ashenzari.
  2409 | D:1      | Reached skill level 1 in Unarmed Combat
  2413 | D:1      | Bought a scroll of magic mapping for 90 gold pieces
  2558 | D:3      | Noticed Grinder
  2572 | D:3      | Slain by Grinder

Illustrated notes

Levels and vault maps discovered:
D:1:      lightli_arrival_boilingwater, layout_basic,
          shapermc_ecumenical_altar_pompeii, minmay_door_square,
          nicolae_nh_oracle_at_delphi
D:2:      layout_loops_corners, minmay_tall_x, uniq_natasha
D:3:      layout_rooms, evilmike_ruin_ashenzari, serial_shops,
          nicolae_shop_stone, uniq_grinder

Skill      XL: |  1  2  3  4  5 |
---------------+----------------+-----
Stealth        | 3 |  3.4
Fighting       | 1 |  1.1
Summonings     | 2 |  2.2
Short Blades   | 1 |  1.0
Unarmed Combat | 1 |  1.0
Dodging        | |  2.4
Spellcasting   | |  3.2
Conjurations   | |  1.7
Translocations | |  1.6
Air Magic      | |  0.1
Poison Magic   | |  0.2

Action                     |  1- 3 |  4- 6 || total
---------------------------+-------+-------++-------
  Melee: Dagger            |    25 |       ||    25
         Tentacles         |    19 |    15 ||    34
         Constrict         |    28 |    14 ||    42
         Whip              |    55 |    58 ||   113
         Punch             |       |     1 ||     1
  Throw: Dart              |       |     1 ||     1
   Cast: Call Imp          |     1 |     8 ||     9
    Use: Scroll            |     4 |     1 ||     5
   Stab: Sleeping          |     6 |     4 ||    10
 Armour: Skin              |     7 |     4 ||    11
  Dodge: Dodged            |    67 |    55 ||   122

Table legend: (Time is in decaauts)
 A = Elapsed time spent in this place.
 B = Non-inter-level travel time spent in this place.
 C = Inter-level travel time spent in this place.
 D = Time resting spent in this place.
 E = Time spent auto-exploring this place.
 F = Levels seen in this place.
 G = Mean time per level.
                   A        B        C        D        E       F      G
               +--------+--------+--------+--------+--------+-----+--------+
         Total |   2585 |   2393 |    192 |    325 |   1430 |   3 |  861.7 |
       Dungeon |   2585 |   2393 |    192 |    325 |   1430 |   3 |  861.7 |
               +--------+--------+--------+--------+--------+-----+--------+

Top non-repeatable levels by time:
     D:2: 1277 daAuts
     D:1: 927 daAuts
     D:3: 380 daAuts
